 Seeded DCSS version 0.30.1-9-gdf580d7c3d (webtiles) character file.

Game seed: 5 (custom seed)

4144 Kazon the Ducker (level 10, -3/79 (81) HPs)
             Began as a Black Draconian Fighter on Oct 16, 2023.
             Was a High Priest of Okawaru.
             Slain by a polar bear (20 damage)
             ... on level 8 of the Dungeon.
             The game lasted 00:33:01 (5366 turns).

Kazon the Ducker (Black Draconian Fighter)          Turns: 5366, Time: 00:33:01

HP:   -3/79 (81)    AC:  8    Str: 23    XL:     10   Next: 7%
MP:   0/23          EV: 18    Int:  9    God:    Okawaru [*****.]
Gold: 378           SH: 15    Dex: 10    Spells: 9/9 levels left

rFire   . . .        v - +0 hand axe (vamp)
rCold   . . .        c - +0 tower shield
rNeg    + + .        (body armour unavailable)
rPois   +            (helmet restricted)
rElec   +            (no cloak)
rCorr   .            b - +0 pair of gloves
SInv    +            (no boots)
Will    .....        C - amulet of guardian spirit
Stlth   +++          d - ring "Cazxuet" {*Slow rPois rN++ EV+5 SInv}
HPRegen 0.33/turn    q - ring of magical power
MPRegen 0.18/turn

%: slow self (1%), guardian spirit
@: heroic, finesse-ful, lightly drained
A: breathe lightning, AC +7, unfitting armour, electricity resistance,
cold-blooded
a: Breathe Lightning, Renounce Religion, Heroism, Finesse, Duel


You were on level 8 of the Dungeon.
You worshipped Okawaru.
Okawaru was extremely pleased with you.
You visited 2 branches of the dungeon, and saw 9 of its levels.
You also visited: Ossuary.

You collected 378 gold pieces.

Inventory:

Hand Weapons
 a - a +0 war axe
 e - a +2 vampiric dagger
 f - a +0 hand axe of flaming
 h - a +0 whip of holy wrath
 v - a +0 vampiric hand axe (weapon)
Missiles
 j - 11 boomerangs (quivered)
 r - 10 poisoned darts
 H - 3 javelins
Armour
 b - a +0 pair of gloves (worn)
 c - a +0 tower shield (worn)
Jewellery
 d - the ring "Cazxuet" (left hand) {*Slow rPois rN++ EV+5 SInv}
   (You acquired it on level 1 of the Dungeon)

   [ring of evasion]

   EV:        It affects your evasion (+5).
   rPois:     It protects you from poison.
   rN:        It greatly protects you from negative energy.
   SInv:      It lets you see invisible.
   *Slow:     It may slow you when you take damage.
 q - a ring of magical power (right hand)
 w - a +6 ring of dexterity
 C - an amulet of guardian spirit (around neck)
Wands
 z - a wand of paralysis (8)
Scrolls
 k - a scroll of teleportation
 l - a scroll of blinking {unknown}
 n - 2 scrolls of magic mapping {unknown}
 o - 5 scrolls of identify {unknown}
 x - a scroll of amnesia {unknown}
 y - a scroll of fog {unknown}
 A - a scroll of torment {unknown}
 E - a scroll of poison {unknown}
 G - a scroll of enchant armour {unknown}
 L - 2 scrolls of fear {unknown}
 M - a scroll of enchant weapon {unknown}
Potions
 g - a potion of resistance {unknown}
 i - 3 potions of curing
 s - 2 potions of invisibility {unknown}
 t - 5 potions of flight {unknown}
 u - 2 potions of berserk rage {unknown}
 B - a potion of lignification {unknown}
 D - 4 potions of attraction {unknown}
 F - 4 potions of heal wounds {unknown}
 I - a potion of might
 J - a potion of haste {unknown}
 K - 2 potions of brilliance {unknown}
 N - a potion of magic


   Skills:
 + Level 5.5(10.5) Fighting
 + Level 3.7(8.7) Short Blades
 + Level 6.3(11.6) Axes
 + Level 2.7(9.9) Maces & Flails
 + Level 3.5(8.5) Throwing
 + Level 6.3(11.3) Dodging
 + Level 2.3(7.3) Stealth
 + Level 5.2(10.2) Shields
 * Level 5.4 Invocations
 * Level 4.9 Evocations


You had 9 spell levels left.
You didn't know any spells.
Your spell library contained the following spells:

 Spells                   Type           Power      Damage    Failure   Level
 Frozen Ramparts          Ice            0%         1d1       99%         3
 Ignite Poison            Fire/Tmut/Pois 0%         N/A       99%         3
 Ice Form                 Ice/Tmut       0%         N/A       100%        4
 Sticky Flame             Conj/Fire      0%         2d3       100%        4
 Eringya's Noxious Bog    Tmut/Pois      0%         N/A       100%        6
 Ignition                 Fire           0%         3d3       100%        8
 Summon Ice Beast         Ice/Summ       Unusable   N/A       N/A         4
 Summon Forest            Summ/Tloc      Unusable   N/A       N/A         5
 Summon Hydra             Summ           Unusable   N/A       N/A         7

Dungeon Overview and Level Annotations

Branches:
Dungeon (8/15)             Temple (1/1) D:4         Ossuary (visited)
   Lair: D:8-11

Altars:
Dithmenos
Fedhas
Gozag
Hepliaklqana
Okawaru
Qazlal
Trog
Uskayaw
Wu Jian
Xom
The Shining One


Innate Abilities, Weirdness & Mutations

You can breathe wild blasts of lightning.
Your glossy black scales are hard. (AC +7)
You cannot fit into any form of body armour.
You are resistant to electric shocks. (rElec)
You are cold-blooded and may be slowed by cold attacks.


Message History

* * * LOW HITPOINT WARNING * * *
You closely miss the polar bear.
The polar bear is severely wounded.
The polar bear barely misses you. The polar bear misses you.
You block the polar bear's attack.
You hit the polar bear but do no damage.
Your tail-slap misses the polar bear.
The polar bear is severely wounded.
You hit the polar bear.
The polar bear is severely wounded.
You block the polar bear's attack. x2; The polar bear completely misses you.
You hit the polar bear but do no damage.
You tail-slap the polar bear, but do no damage.
The polar bear is severely wounded.
You block the polar bear's attack. x2; The polar bear closely misses you.
You completely miss the polar bear. You tail-slap the polar bear.
The polar bear is severely wounded.
The polar bear barely misses you.
The polar bear claws you but does no damage.
The polar bear claws you.
* * * LOW HITPOINT WARNING * * *
You barely miss the polar bear.
You tail-slap the polar bear, but do no damage.
The polar bear is severely wounded.
You hit the polar bear but do no damage.
The polar bear is severely wounded.
The polar bear bites you but does no damage.
The polar bear misses you. The polar bear claws you.
* * * LOW HITPOINT WARNING * * *
It was a potion of curing.
You feel better. You block the polar bear's attack.
The polar bear closely misses you. The polar bear claws you.
* * * LOW HITPOINT WARNING * * *
The polar bear barely misses you. x2; The polar bear claws you.
* * * LOW HITPOINT WARNING * * *
You feel better. The polar bear closely misses you.
The polar bear completely misses you. You block the polar bear's attack.
You hit the polar bear.
You feel better.
The polar bear is almost dead.
The polar bear bites you!!
You die...

### # ##.# ### #.
#..###.###
#.####.##...# #.#
##....## #..##.###.##
#.###=...###...#
.......@h##..#.## #.#
........###..##.###....
..#####.##..###........
.......)))...###..#
###....##<...# #....
###...# #.##. #......
#.### #.##.... #.# #...


You could see a polar bear (berserk).

Vanquished Creatures
  A two-headed ogre (D:7)
  Sigmund (D:4)
  Duvessa (D:6)
  A water moccasin (D:6)
  A sky beast (D:7)
  3 black bears
  2 centaurs
  2 ogres
  An elf zombie (Ossuary)
  A kobold brigand (D:7)
  3 scorpions
  15 wights
  4 killer bees (D:7)
  Dowan (D:6)
  A howler monkey (D:5)
  A vampire bat (D:7)
  6 hounds
  A centaur zombie (Ossuary)
  3 orc priests (D:6)
  3 human zombies (Ossuary)
  A jelly (D:5)
  6 iguanas
  3 orc wizards (D:6)
  4 ogre zombies (Ossuary)
  7 mummies (Ossuary)
  4 gnolls (D:5)
  9 adders
  A white imp (D:7)
  2 ufetubi
  A worm zombie (D:7)
  2 adder zombies (Ossuary)
  3 worms
  15 orcs
  12 bats
  9 endoplasms
  A giant cockroach (D:1)
  12 goblins
  7 hobgoblins
  11 jackals
  10 kobolds
  3 quokkas (D:4)
  6 ball pythons
  3 frilled lizards
  4 goblin zombies (Ossuary)
  6 hobgoblin zombies
  3 kobold zombies
  4 quokka zombies (Ossuary)
  4 rats
  4 rat zombies (Ossuary)
209 creatures vanquished.

Vanquished Creatures (others)
  An orc wizard (D:6)
1 creature vanquished.

Grand Total: 210 creatures vanquished

Notes
Turn   | Place    | Note
-------+----------+-------------------------------------------
     0 | D:1      | Kazon the Draconian Fighter began the quest for the Orb.
     0 | D:1      | Reached XP level 1. HP: 19/19 MP: 1/1
    53 | D:1      | Identified a scroll of acquirement
    53 | D:1      | Acquired the ring "Cazxuet" {*Slow rPois rN++ EV+5 SInv}
    94 | D:1      | Reached XP level 2. HP: 11/26 MP: 2/2
   519 | D:1      | Reached XP level 3. HP: 33/33 MP: 3/3
  1010 | D:2      | Reached XP level 4. HP: 39/40 MP: 4/4
  1603 | D:3      | Reached skill level 1 in Throwing
  1628 | D:3      | Found a blossoming altar of Fedhas.
  1861 | D:3      | Identified the +2 sling "Qeuhanocyt" {speed, rElec Str-3
                  | Dex+2}
  1903 | D:3      | Found a stormy altar of Qazlal.
  2010 | D:3      | Found a faded altar of an unknown god.
  2040 | D:4      | Found a staircase to the Ecumenical Temple.
  2049 | Temple   | Entered the Ecumenical Temple
  2062 | Temple   | Became a worshipper of Warmaster Okawaru
  2103 | D:4      | Noticed a black bear
  2110 | D:4      | Noticed Sigmund
  2134 | D:4      | Killed a black bear
  2135 | D:4      | Reached skill level 1 in Invocations
  2135 | D:4      | Reached XP level 5. HP: 39/46 MP: 5/5
  2147 | D:4      | Killed Sigmund
  2147 | D:4      | Reached * piety under Okawaru
  2148 | D:4      | Reached XP level 6. HP: 29/52 MP: 5/7
  2158 | D:4      | Found a hazy altar of Hepliaklqana.
  2168 | D:4      | Found a shadowy altar of Dithmenos.
  2169 | D:4      | Noticed a shadow
  2422 | D:4      | Reached skill level 1 in Evocations
  2670 | D:4      | Reached skill level 1 in Short Blades
  2746 | D:4      | Your scales start taking on a glossy black colour.
  2746 | D:4      | Reached XP level 7. HP: 58/59 MP: 8/8
  2746 | D:4      | Gained mutation: You are resistant to electric shocks.
                  | (rElec) [Black Draconian growth]
  2868 | D:5      | Entered Level 5 of the Dungeon
  2928 | D:5      | Reached ** piety under Okawaru
  2929 | D:5      | Reached skill level 1 in Stealth
  3346 | D:6      | Noticed Dowan
  3347 | D:6      | Noticed Duvessa
  3356 | D:6      | Killed Duvessa
  3357 | D:6      | Reached XP level 8. HP: 62/67 MP: 10/10
  3363 | D:6      | Killed Dowan
  3457 | D:6      | Reached skill level 5 in Axes
  3597 | D:6      | Found a shimmering altar of Xom.
  3819 | D:6      | Reached *** piety under Okawaru
  3952 | D:7      | Noticed a two-headed ogre
  3963 | D:7      | Reached skill level 5 in Dodging
  3967 | D:7      | Killed a two-headed ogre
  3967 | D:7      | Received a gift from Okawaru
  3967 | D:7      | Reached **** piety under Okawaru
  3968 | D:7      | Reached skill level 5 in Fighting
  3968 | D:7      | Reached XP level 9. HP: 61/74 MP: 12/12
  3997 | D:7      | Found a sand-covered staircase.
  4044 | Ossuary  | Entered an ossuary
  4235 | Ossuary  | Reached skill level 1 in Maces & Flails
  4682 | D:7      | Reached skill level 5 in Invocations
  4753 | D:7      | Reached ***** piety under Okawaru
  4906 | D:7      | Reached skill level 5 in Shields
  5115 | D:7      | Reached XP level 10. HP: 67/81 MP: 14/14
  5366 | D:8      | Slain by a polar bear

Illustrated notes

Levels and vault maps discovered:
D:1:      ebering_trefoil_3fold, layout_basic, st_stairs_14, serial_bayou_ford_a
D:2:      layout_basic, hangedman_decor_growths, minmay_close_crescents
D:3:      layout_rooms, mainiacjoe_overflow_concentric_impassable,
          mainiacjoe_overflow_paths, shapermc_ecumenical_altar_acropolis,
          chequers_serial_rivers_micro_b
D:4:      layout_basic, riverfiend_overflow_shadow_ancestor,
          minmay_temple_entry_glass, uniq_sigmund
D:5:      layout_gridville
D:6:      layout_basic, xom_teletrap_fun, uniq_duvessa
D:7:      layout_loops_ring, enter_ossuary_3, roderic_batcave
D:8:      layout_layer_cave, minmay_lair_entry_grove, serial_shops,
          nicolae_lakefront_shop, serial_ice, serial_ice_o, serial_ice_d,
          serial_ice_k, serial_ice_a
Temple:   nicolae_temple_elliptical

Skill      XL: |  1  2  3  4  5  6  7  8  9 |
---------------+----------------------------+-----
Dodging        | 3 4 5 6 |  6.3
Axes           | 3 4 5 6 |  6.3
Throwing       | 1 2 3 |  3.5
Invocations    | 1 2 3 4 5 |  5.4
Fighting       | 4 5 |  5.5
Evocations     | 1 2 4 |  4.9
Short Blades   | 1 2 3 |  3.7
Stealth        | 1 2 |  2.3
Shields        | 4 5 |  5.2
Maces & Flails | 2 |  2.7

Action                     |  1- 3 |  4- 6 |  7- 9 | 10-12 || total
---------------------------+-------+-------+-------+-------++-------
  Melee: War axe           |   138 |    68 |       |       ||   206
         Tailslap          |     8 |    28 |    81 |    13 ||   130
         Dagger            |       |    44 |       |       ||    44
         Hand axe          |       |    60 |   333 |    25 ||   418
         Whip              |       |       |   208 |    31 ||   239
  Throw: Stone             |       |    14 |    39 |       ||    53
         Dart              |       |    11 |    17 |       ||    28
         Boomerang         |       |       |    29 |       ||    29
 Invoke: Heroism           |       |       |     1 |     1 ||     2
         Finesse           |       |       |       |     1 ||     1
Ability: Breathe Lightning |       |       |    15 |     1 ||    16
    Use: Scroll            |     2 |     1 |     1 |       ||     4
         Potion            |     1 |       |       |     2 ||     3
   Stab: Sleeping          |       |     1 |    15 |       ||    16
 Armour: Skin              |    24 |    27 |   101 |    15 ||   167
  Dodge: Dodged            |   112 |   141 |   400 |    60 ||   713
  Block: Buckler           |    35 |    36 |    71 |       ||   142
         Tower shield      |       |       |   124 |    50 ||   174
